 Seeded DCSS version 0.28-a0-751-gef3a642a4e (webtiles) character file.

Game seed: 20211031 (custom seed)

23277 a11behringer the Severer (level 13, 0/116 HPs)
             Began as a Hill Orc Fighter on Oct 31, 2021.
             Was a High Priest of the Shining One.
             Slain by a 15-headed hydra (3 damage)
             ... on level 1 of the Lair of Beasts.
             The game lasted 00:54:52 (12314 turns).

a11behringer the Severer (Hill Orc Fighter)        Turns: 12314, Time: 00:54:53

Health: 0/116      AC: 20    Str: 22    XL:     13   Next: 5%
Magic:  15/17      EV:  9    Int: 10    God:    the Shining One [*****.]
Gold:   645        SH: 15    Dex: 20    Spells: 12/12 levels left

rFire   + . .      SeeInvis +   d - +8 mithril axe "Arga" {speed, Will+}
rCold   + . .      Faith    .   c - +0 buckler
rNeg    + + .      Spirit   .   l - +0 chain mail of Gravitas {rF+ Will+ Int+2 Stlth-}
rPois   .          Reflect  .   i - +2 helmet {SInv}
rElec   .          Harm     .   j - +0 cloak
rCorr   .          Rampage  .   D - +0 pair of gloves
Will    +++..                   (no boots)
Stlth   ..........              S - amulet of regeneration
HPRegen 1.29/turn               E - ring of willpower
MPRegen 0.15/turn               J - ring "Hikash" {Wiz rC+ Dex+8}

@: divinely shielded, glowing
A: no striking features
a: Renounce Religion, Divine Shield, Cleansing Flame, Summon Divine Warrior


You were on level 1 of the Lair of Beasts.
You worshipped the Shining One.
The Shining One was extremely pleased with you.
You visited 3 branches of the dungeon, and saw 14 of its levels.
You also visited: Ice Cave.

You collected 645 gold pieces.

Inventory:

Hand Weapons
 d - the +8 mithril axe "Arga" (weapon) {speed, Will+}
   (You acquired it on level 4 of the Dungeon)

   Attacks with this weapon are significantly faster.
   Will:      It increases your willpower.
 o - a +5 war axe of freezing
 r - a +2 vorpal shortbow
 v - a +1 battleaxe of freezing
 M - the +5 trident of Bac Otz {freeze, Str+4}
   (You found it on level 8 of the Dungeon)

   It freezes those it strikes, dealing additional cold damage.
   It can also slow down cold-blooded creatures.
   Str:       It affects your strength (+4).
 T - a +0 hand crossbow of freezing
 V - a +1 longbow of freezing
Missiles
 b - 5 silver javelins
 g - 2 throwing nets (quivered)
 m - 66 bolts
 s - 198 arrows
 C - 3 silver boomerangs
Armour
 c - a +0 buckler (worn)
 i - a +2 helmet of see invisible (worn)
 j - a +0 cloak (worn)
 l - the +0 chain mail of Gravitas (worn) {rF+ Will+ Int+2 Stlth-}
   (You found it on level 11 of the Dungeon)

   Int:       It affects your intelligence (+2).
   rF:        It protects you from fire.
   Will:      It increases your willpower.
   Stlth:     It makes you less stealthy.
 y - a +0 kite shield
 D - a +0 pair of gloves (worn)
 P - +0 steam dragon scales
 U - a +3 plate armour of cold resistance
Jewellery
 A - a +4 ring of protection
 E - a ring of willpower (left hand)
 J - the ring "Hikash" (right hand) {Wiz rC+ Dex+8}
   (You found it on level 8 of the Dungeon)

   [ring of wizardry]

   It improves your spell success rate.
   Dex:       It affects your dexterity (+8).
   rC:        It protects you from cold.
 L - a +6 ring of dexterity
 N - a ring of flight
 Q - a ring of protection from cold
 S - an amulet of regeneration (around neck)
 Z - an amulet of faith
Wands
 a - a wand of polymorph (8)
 f - a wand of iceblast (9)
 n - a wand of paralysis (22)
 q - a wand of mindburst (17)
 I - a wand of digging (1)
 R - a wand of flame (31)
 X - a wand of acid (9)
Scrolls
 h - a scroll of identify
 t - a scroll of fear
 w - 3 scrolls of immolation
 x - 2 scrolls of acquirement
 O - 2 scrolls of enchant weapon
Potions
 e - 5 potions of curing
 k - a potion of cancellation
 p - 5 potions of flight
 u - a potion of brilliance
 B - a potion of magic
 F - 4 potions of lignification
 G - a potion of ambrosia
 H - a potion of haste
 Y - 3 potions of might
Miscellaneous
 K - a phial of floods
 W - a tin of tremorstones (2/2)


   Skills:
 + Level 11.6 Fighting
 + Level 20.2 Axes
 + Level 15.0 Armour
 - Level 0.2 Dodging
 + Level 4.1 Shields
 * Level 6.4 Invocations


You had 12 spell levels left.
You didn't know any spells.
Your spell library contained the following spells:

 Spells                   Type           Power      Damage    Failure   Level
 Slow                     Hex            0%         N/A       54%         1
 Ensorcelled Hibernation  Hex/Ice        0%         N/A       69%         2
 Passwall                 Tmut/Erth      0%         N/A       69%         2
 Call Canine Familiar     Summ           0%         N/A       88%         3
 Confusing Touch          Hex            0%         N/A       88%         3
 Dazzling Flash           Conj/Hex       0%         N/A       88%         3
 Frozen Ramparts          Ice            0%         1d2       88%         3
 Portal Projectile        Hex/Tloc       0%         N/A       88%         3
 Swiftness                Air            0%         N/A       88%         3
 Tukima's Dance           Hex            0%         N/A       88%         3
 Ice Form                 Ice/Tmut       0%         N/A       99%         4
 Iskenderun's Mystic Bla  Conj/Tloc      0%         2d3       99%         4
 Leda's Liquefaction      Hex/Erth       0%         N/A       99%         4
 Summon Ice Beast         Ice/Summ       0%         N/A       99%         4
 Blade Hands              Tmut           0%         N/A       100%        5
 Excruciating Wounds      Necr           0%         N/A       100%        5
 Yara's Violent Unravell  Hex/Tmut       0%         3d3       100%        5
 Invisibility             Hex            0%         N/A       100%        6
 Starburst                Conj/Fire      0%         6d3       100%        6


Dungeon Overview and Level Annotations

Branches:
Dungeon (12/15)            Temple (1/1) D:7            Lair (1/6) D:9
  IceCv (visited)
    Orc: D:9-12

Altars:
Ashenzari
Cheibriados
Dithmenos
Elyvilon
Fedhas
Gozag
Hepliaklqana
Makhleb
Nemelex Xobeh
Okawaru
Ru
Sif Muna
Trog
Uskayaw
Vehumet
Wu Jian
Xom
Yredelemnul
Zin
The Shining One

Annotations:
D:9 1 runed translucent door, AttackTheMoon's ghost, journeyman NaDe
D:12 1 runed translucent door, lawman0's ghost, journeyman DjSu


Message History

You block the 13-headed hydra's attack. The 13-headed hydra bites you!
The 13-headed hydra bites you but does no damage. x2
You block the 13-headed hydra's attack. x2
You slice one of the 13-headed hydra's heads off!
The 12-headed hydra grows two more!
You slice the 14-headed hydra!!
The 14-headed hydra is severely wounded.
You chop one of the 14-headed hydra's heads off!
The 13-headed hydra grows two more!
You slice the 15-headed hydra!!
The 15-headed hydra is severely wounded.
You block the 15-headed hydra's attack. The 15-headed hydra bites you.
You block the 15-headed hydra's attack. The 15-headed hydra barely misses you.
The 15-headed hydra bites you. You block the 15-headed hydra's attack.
The 15-headed hydra closely misses you. The 15-headed hydra misses you.
The 15-headed hydra bites you!
* * * LOW HITPOINT WARNING * * *
The 15-headed hydra bites you.
* * * LOW HITPOINT WARNING * * *
The 15-headed hydra bites you.
* * * LOW HITPOINT WARNING * * *
The 15-headed hydra bites you.
* * * LOW HITPOINT WARNING * * *
The 15-headed hydra bites you but does no damage.
You block the 15-headed hydra's attack. The 15-headed hydra bites you!
* * * LOW HITPOINT WARNING * * *
Unknown command.
Okay, then.
As you read the scroll labelled WOL GUC LUT, it crumbles to dust.
It is a scroll of enchant armour.
Your +2 plate armour of cold resistance glows green for a moment.
The 15-headed hydra barely misses you.
The 15-headed hydra bites you but does no damage.
The 15-headed hydra bites you. The Shining One protects you from harm!
You block the 15-headed hydra's attack. The 15-headed hydra bites you.
* * * LOW HITPOINT WARNING * * *
The 15-headed hydra bites you but does no damage.
The 15-headed hydra closely misses you. You block the 15-headed hydra's attack.
The 15-headed hydra bites you but does no damage.
The 15-headed hydra bites you.
You die...

##..PP.#.........#
##.............#### #
#..#.#######.#### ##
##.............P# .#
#.#............# ####### ## .##
#.....≈####...## ##.##.P##.. ..##
#.#...## ##...# #..........
...###.....####≈.D## #..........
...P...#........@†.# #..........
..P....#........#†#.# #..........
......######.#####.. #..........
......### ### #:.##....<.....
......#.#### ####..........
.........#.############..........
...............#.................
.....#.........##...P............
.....#.........##................


You could see a 15-headed hydra.

Vanquished Creatures
  A reaper (IceCv)
  Snorg (D:10)
  Erolcha (D:11)
  6 two-headed ogres
  A tengu warrior (D:8)
  Sonja (D:11)
  A deep elf pyromancer (D:8)
  A manticore (D:12)
  2 ugly things
  2 ice statues (IceCv)
  5 cane toads (Lair:1)
  2 kobold demonologists
  2 komodo dragons (Lair:1)
  Psyche (D:8)
  An unseen horror (D:12)
  5 ice devils (IceCv)
  A troll (D:10)
  A hornet (D:4)
  2 wraiths
  2 wyverns
  20 yaks
  Grum (D:11)
  Edmund (D:5)
  4 vampire mosquitoes (D:10)
  3 steam dragons
  3 wargs (D:9)
  3 acid dragons
  A harpy simulacrum (IceCv)
  3 water moccasins (Lair:1)
  A hornet zombie (D:5)
  3 ice beasts (D:6)
  2 sky beasts (D:6)
  4 orc warriors
  An ogre (D:6)
  A necrophage (D:7)
  3 wolves
  3 centaurs
  A phantom (D:4)
  3 kobold brigands
  4 bullfrogs
  3 two-headed ogre simulacra
  2 cane toad simulacra (IceCv)
  A water moccasin zombie (D:5)
  An elephant simulacrum (IceCv)
  3 wights (D:4)
  3 electric eels
  2 jellies
  A bullfrog zombie (D:5)
  2 bullfrog skeletons (D:6)
  4 orc priests
  A centaur skeleton (D:6)
  3 hounds
  A gnoll shaman (D:3)
  An iguana (D:5)
  8 orc wizards
  4 troll simulacra (IceCv)
  6 spriggan simulacra
  3 polar bear simulacra (IceCv)
  3 wolf simulacra (IceCv)
  2 howler monkey zombies
  A howler monkey skeleton (D:7)
  9 adders
  13 gnolls
  3 naga simulacra
  A shadow imp (D:6)
  5 white imps
  3 ufetubi
  A worm (D:4)
  7 dart slugs
  23 orcs
  6 ball pythons
  11 endoplasms
  4 giant cockroaches (D:1)
  6 goblins
  6 hobgoblins
  3 quokkas
  7 bats
  3 frilled lizards
  19 kobolds
  5 rats
294 creatures vanquished.

Vanquished Creatures (others)
  A fungus (Lair:1)
  2 plants (Lair:1)
3 creatures vanquished.

Grand Total: 297 creatures vanquished

Notes
Turn   | Place    | Note
-------+----------+-------------------------------------------
     0 | D:1      | a11behringer the Hill Orc Fighter began the quest for the
                  | Orb.
     0 | D:1      | Reached XP level 1. HP: 19/19 MP: 1/1
   194 | D:1      | Reached XP level 2. HP: 27/27 MP: 2/2
   230 | D:1      | Found a faded altar of an unknown god.
   232 | D:1      | Prayed at the altar of an unknown god.
   232 | D:1      | Became a worshipper of the Shining One
   232 | D:1      | Reached * piety under the Shining One
   523 | D:1      | Reached skill level 3 in Axes
   527 | D:1      | Reached XP level 3. HP: 23/33 MP: 3/3
  1288 | D:2      | Reached skill level 4 in Axes
  1352 | D:2      | Reached XP level 4. HP: 37/40 MP: 4/4
  2610 | D:3      | Reached skill level 5 in Axes
  2618 | D:3      | Reached XP level 5. HP: 11/46 MP: 5/5
  2881 | D:3      | Reached ** piety under the Shining One
  2893 | D:3      | Reached skill level 6 in Axes
  3432 | D:4      | Reached XP level 6. HP: 36/53 MP: 6/6
  3435 | D:4      | Reached skill level 7 in Axes
  3435 | D:4      | Reached skill level 1 in Invocations
  3599 | D:4      | Noticed a hornet
  3609 | D:4      | Paralysed by a hornet for 2 turns
  3613 | D:4      | Killed a hornet
  3614 | D:4      | Reached skill level 5 in Fighting
  3614 | D:4      | Reached skill level 8 in Axes
  3614 | D:4      | Reached XP level 7. HP: 37/61 MP: 4/8
  3854 | D:4      | Reached skill level 5 in Armour
  4017 | D:4      | Identified a scroll of acquirement
  4017 | D:4      | Acquired the +8 mithril axe "Arga" {speed, Will+}
  4017 | D:4      | Found the +8 mithril axe "Arga" {speed, Will+}
  4470 | D:4      | Reached skill level 9 in Axes
  4644 | D:5      | Entered Level 5 of the Dungeon
  4666 | D:5      | Reached XP level 8. HP: 66/68 MP: 8/10
  4669 | D:5      | Noticed Edmund
  4682 | D:5      | Killed Edmund
  4683 | D:5      | Reached skill level 10 in Axes
  5013 | D:5      | Reached skill level 11 in Axes
  5534 | D:6      | Reached XP level 9. HP: 75/75 MP: 11/11
  5545 | D:6      | Reached skill level 12 in Axes
  5614 | D:6      | Reached *** piety under the Shining One
  5687 | D:6      | Found a glowing golden altar of the Shining One.
  5850 | D:7      | Reached skill level 13 in Axes
  5852 | D:7      | Found a bloodstained altar of Trog.
  6284 | D:7      | Found a staircase to the Ecumenical Temple.
  6308 | Temple   | Entered the Ecumenical Temple
  6637 | D:7      | Found a hide-covered altar of Uskayaw.
  6977 | D:8      | Reached skill level 14 in Axes
  6983 | D:8      | Reached XP level 10. HP: 82/84 MP: 12/12
  7047 | D:8      | Identified the +1 robe of the Hart {Rampage rF+ Will+
                  | Dex+2}
  7135 | D:8      | Noticed a two-headed ogre
  7143 | D:8      | Killed a two-headed ogre
  7144 | D:8      | Reached skill level 15 in Axes
  7299 | D:8      | Noticed Psyche
  7301 | D:8      | Killed Psyche
  7361 | D:8      | Found an opulent altar of Gozag.
  7393 | D:8      | Found a glowing silver altar of Zin.
  7628 | D:8      | Identified the +0 robe "Liohal" {*Slow rPois Int+4}
  7675 | D:8      | Noticed a deep elf pyromancer
  7678 | D:8      | Noticed a green ugly thing
  7682 | D:8      | Killed a deep elf pyromancer
  7692 | D:8      | Killed a green ugly thing
  7693 | D:8      | Reached skill level 10 in Armour
  7714 | D:8      | Identified the ring "Hikash" {Wiz rC+ Dex+8}
  7726 | D:8      | Noticed a tengu warrior
  7738 | D:8      | Killed a tengu warrior
  7739 | D:8      | Reached skill level 16 in Axes
  7749 | D:8      | Identified the +5 trident of Bac Otz {freeze, Str+4}
  8158 | D:9      | Noticed a two-headed ogre
  8163 | D:9      | Found a staircase to the Lair.
  8170 | D:9      | Killed a two-headed ogre
  8171 | D:9      | Reached XP level 11. HP: 87/94 MP: 9/13
  8173 | D:9      | Reached skill level 17 in Axes
  8534 | D:9      | Found a runed translucent door.
  8534 | D:9      | Found a shimmering altar of Xom.
  8534 | D:9      | Noticed AttackTheMoon's ghost (journeyman NaDe)
  8534 | D:9      | Noticed a +2 flail of chaos
  8988 | D:10     | Entered Level 10 of the Dungeon
  9027 | D:10     | Reached **** piety under the Shining One
  9043 | D:10     | Found a basalt altar of Yredelemnul.
  9061 | D:10     | Noticed a two-headed ogre
  9071 | D:10     | Killed a two-headed ogre
  9072 | D:10     | Reached skill level 18 in Axes
  9094 | D:10     | Found a sacrificial altar of Ru.
  9094 | D:10     | Noticed Snorg
  9129 | D:10     | Killed Snorg
  9541 | D:10     | Found a shimmering blue altar of Sif Muna.
 10076 | D:11     | Noticed a two-headed ogre
 10083 | D:11     | Killed a two-headed ogre
 10108 | D:11     | Noticed Erolcha
 10112 | D:11     | Noticed Sonja
 10123 | D:11     | Killed Sonja
 10123 | D:11     | Noticed Grum
 10124 | D:11     | Reached skill level 19 in Axes
 10124 | D:11     | Reached XP level 12. HP: 50/105 MP: 10/14
 10251 | D:11     | Noticed a two-headed ogre
 10261 | D:11     | Killed a two-headed ogre
 10293 | D:11     | Killed Grum
 10574 | D:11     | Identified the +0 chain mail of Gravitas {rF+ Will+ Int+2
                  | Stlth-}
 10717 | D:11     | Killed Erolcha
 10741 | D:12     | Found a runed translucent door.
 10743 | D:12     | Noticed lawman0's ghost (journeyman DjSu)
 10845 | D:12     | Noticed a two-headed ogre
 10854 | D:12     | Killed a two-headed ogre
 10855 | D:12     | Reached skill level 10 in Fighting
 11112 | D:12     | Found a frozen archway.
 11147 | IceCv    | Entered an ice cave
 11164 | IceCv    | Reached ***** piety under the Shining One
 11185 | IceCv    | Reached skill level 5 in Invocations
 11418 | IceCv    | Noticed a reaper
 11440 | IceCv    | Killed a reaper
 11441 | IceCv    | Reached skill level 20 in Axes
 11926 | Lair:1   | Entered Level 1 of the Lair of Beasts
 12169 | Lair:1   | Reached XP level 13. HP: 116/116 MP: 17/17
 12302 | Lair:1   | Reached skill level 15 in Armour
 12313 | Lair:1   | HP: 3/116 [15-headed hydra (12)]
 12314 | Lair:1   | The Shining One protects you from harm!
 12314 | Lair:1   | Slain by a 15-headed hydra

Illustrated notes

Levels and vault maps discovered:
D:1:      kennysheep_arrival_forest, layout_basic,
          shapermc_ecumenical_altar_venn, minmay_misc_feat_hallway,
          chequers_serial_rivers_micro_b, chequers_mini_garden,
          chequers_serial_rivers_small_b
D:2:      layout_basic, serial_curves, eino_curves_03, eino_curves_03,
          minmay_circled_x
D:3:      layout_rooms
D:4:      layout_loops_corners
D:5:      layout_loops_ring, chequers_serial_rivers_micro_a,
          hangedman_decor_peaks_small, uniq_edmund
D:6:      layout_rooms, old_standard_altar
D:7:      layout_gridville, mainiacjoe_overflow_surrounded_room, bloody_trog,
          minmay_temple_entry_stoned_glass, minmay_misc_feat_iff
D:8:      layout_loops_corners, pdpol_temple_overflow_zin_treasury_gozag_greed,
          minmay_diamond_spiral, uniq_psyche
D:9:      statuecave_lemuel, layout_basic, erik_lair_orcish_takeover,
          ebering_ghost_xom
D:10:     layout_basic, kennysheep_mini, mainiacjoe_overflow_catch_the_wave,
          uniq_snorg
D:11:     layout_roguey, minmay_misc_feat_doors, hex_tiny, nrook_mini_vaults,
          kennysheep_generic_room_8, uniq_erolcha, uniq_grum, uniq_sonja
D:12:     layout_stronghold, kennysheep_orc_monster_closet_entryway,
          ebering_ghost_inner_flame, portal_ice_cave_entry_ice_simulacra
Temple:   eino_temple_lava
Lair:1:   layout_hall_layers, minmay_holes, hangedman_lair_generics_rect,
          serial_bayou_shore_b

Skill      XL: |  1  2  3  4  5  6  7  8  9 10 11 12 13 |
---------------+----------------------------------------+-----
Axes           | 3 4 5 6 8 9 11 14 16 19 20 | 20.2
Fighting       | 4 5 6 8 9 11 | 11.6
Armour         | 4 5 7 9 10 12 14 15 | 15.0
Invocations    | 1 2 3 6 |  6.4
Shields        | 4 |  4.1
Dodging        | |  0.2

Action                   |  1- 3 |  4- 6 |  7- 9 | 10-12 | 13-15 || total
-------------------------+-------+-------+-------+-------+-------++-------
Melee: War axe           |    73 |    82 |    16 |       |       ||   171
       Broad axe         |       |       |   181 |   403 |    22 ||   606
Invok: Divine Shield     |       |     1 |     2 |     8 |     1 ||    12
  Use: Scroll            |       |     5 |     6 |     9 |     1 ||    21
       Potion            |       |     2 |       |     2 |       ||     4
Armor: Scale mail        |    34 |    39 |    46 |       |       ||   119
       Chain mail        |       |       |    17 |   139 |    26 ||   182
Dodge: Dodged            |    25 |    40 |    51 |    63 |    15 ||   194
Block: Buckler           |    15 |    20 |    25 |    96 |    17 ||   173

Table legend: (Time is in decaauts)
 A = Elapsed time spent in this place.
 B = Non-inter-level travel time spent in this place.
 C = Inter-level travel time spent in this place.
 D = Time resting spent in this place.
 E = Time spent auto-exploring this place.
 F = Levels seen in this place.
 G = Mean time per level.
                   A        B        C        D        E       F      G
               +--------+--------+--------+--------+--------+-----+--------+
         Total |  12096 |  10122 |   1974 |      0 |   8361 |  15 |  806.4 |
       Dungeon |  11337 |   9564 |   1773 |      0 |   8117 |  12 |  944.8 |
        Temple |     14 |      1 |     13 |      0 |      0 |   1 |   14.0 |
          Lair |    359 |    171 |    188 |      0 |    110 |   1 |  359.0 |
      Ice Cave |    385 |    385 |      0 |      0 |    134 |   1 |  385.0 |
               +--------+--------+--------+--------+--------+-----+--------+

Top non-repeatable levels by time:
     D:2: 1331 daAuts
     D:1: 1289 daAuts
     D:4: 1274 daAuts
     D:8: 1180 daAuts
     D:7: 1090 daAuts
    D:11: 969 daAuts
    D:10: 878 daAuts
     D:9: 834 daAuts
     D:3: 795 daAuts
     D:5: 704 daAuts
    D:12: 540 daAuts
     D:6: 447 daAuts
   IceCv: 385 daAuts
  Lair:1: 359 daAuts
  Temple: 14 daAuts
